Cogmind - Beta 17 @@@ ROGUE MODE // 2026.06.27 @ 12:49:05 Player: Lilshrinky Result: Destroyed by Y-45 Defender with Heavy Assault Rifle Performance ------------- Evolutions (2) 1000 Regions Visited (5) 1000 Robots Destroyed (56) 280 Value Destroyed (1400) 1400 Prototype IDs (0) 0 Alien Tech Used (0) 0 Bonus (0) 0 TOTAL SCORE: 3680 Bonus ------- None Cogmind --------- Core Integrity 0/550 Matter 230/300 Energy 100/100 System Corruption 0% Temperature Cool (9) Movement Core (350) Ox6 Location -8/Materials Parts ------- > --- POWER (2) -------- (None) > --- PROPULSION (3) --- (None) > --- UTILITY (3) ------ Heat Sink Large Storage Unit > --- WEAPON (3) ------- (None) > --- INVENTORY (15) --- Light Ion Engine Light Deuterium Engine Improved Heat Sink Large Matter Pod (150) Light EM Pulse Cannon Light Assault Rifle Light Assault Rifle Assault Cannon Peak State ------------ > --- POWER ------------ Light Ion Engine Light Ion Engine > --- PROPULSION ------- Wheel Wheel Wheel > --- UTILITY ---------- Heat Sink Large Storage Unit Medium Armor Plating > --- WEAPON ----------- Field Laser Particle Cannon Shotgun > --- INVENTORY -------- Light Ion Engine Light Ion Engine Light Deuterium Engine Aluminum Leg Compact Wheel Compact Wheel Improved Heat Sink Large Matter Pod Beam Rifle Light Assault Rifle Light Assault Rifle Heavy Assault Rifle Assault Cannon [Rating: 18] Favorites ----------- Power Light Ion Engine Engine Light Ion Engine Propulsion Wheel Leg Aluminum Leg Wheel Wheel Utility Large Storage Unit Device Heat Sink Storage Large Storage Unit Protection Medium Armor Plating Weapon Heavy Assault Rifle Energy Gun Small Laser Energy Cannon Particle Cannon Ballistic Gun Heavy Assault Rifle Launcher Grenade Launcher Build | -11 -10 -10 -9 -9 -8 ------- Run | Yrd Mat Min Mat Sto Mat Slots Evolved 4 | . . . 2 . 2 Power 1 | . . . . . 1 Propulsion 1 | . . . . . 1 Utility 1 | . . . 1 . . Weapon 1 | . . . 1 . . Parts Attached 39 | 6 1 1 4 13 14 Power 7 | 1 . . . 2 4 Engine 7 | 1 . . . 2 4 Core . | . . . . . . Reactor . | . . . . . . Propulsion 11 | 2 . . 1 4 4 Treads . | . . . . . . Leg 1 | . . . 1 . . Wheel 10 | 2 . . . 4 4 Hover . | . . . . . . Flight . | . . . . . . Utility 7 | 1 1 1 1 1 2 Device 3 | . 1 . . 1 1 Storage 3 | 1 . 1 1 . . Processor . | . . . . . . Hackware . | . . . . . . Protection 1 | . . . . . 1 Artifact . | . . . . . . Weapon 14 | 2 . . 2 6 4 Energy Gun 4 | 1 . . . 1 2 Energy Cannon 1 | . . . . 1 . Ballistic Gun 7 | 1 . . 2 3 1 Ballistic Cannon . | . . . . . . Launcher 2 | . . . . 1 1 Special Weapon . | . . . . . . Impact Weapon . | . . . . . . Slashing Weapon . | . . . . . . Piercing Weapon . | . . . . . . Special Melee Weapon . | . . . . . . Unidentified Prototypes . | . . . . . . Parts Lost 27 | . . . 3 9 15 Power 5 | . . . . 1 4 Propulsion 8 | . . . 2 2 4 Utility 2 | . . . . 1 1 Weapon 12 | . . . 1 5 6 Highest Loss Streak 11 | . . . 3 5 11 To Critical Strikes . | . . . . . . Average Backups 5 | 1 3 4 2 3 10 Power 1 | . 1 1 1 . 2 Propulsion . | . . . . . 1 Utility . | . . 1 . . 1 Weapon 2 | . 1 2 1 2 4 Tool/Special . | . . . . . . Unused Backups 6 | . . . . . 6 Power 2 | . . . . . 2 Propulsion . | . . . . . . Utility 1 | . . . . . 1 Weapon 3 | . . . . . 3 Tool/Special . | . . . . . . Average Slot Usage (%) 89 | . 97 100 75 88 90 Engine 11 | . 14 14 11 9 14 Leg 3 | . . . 2 6 . Wheel 15 | . 28 28 2 7 25 Device 9 | . 11 14 11 10 6 Storage 17 | . 14 14 22 22 11 Protection 1 | . . . . . 6 Energy Gun 8 | . 14 14 1 7 8 Energy Cannon 2 | . . . . 1 6 Ballistic Gun 17 | . 14 14 24 22 9 Peak Build Rating 18 | 6 8 8 11 12 18 Average Rating 10 | 3 7 8 8 9 15 On Entrance 6 | . 6 8 8 10 9 Avg Prop Armor Cover (%) . | . . . . . . Naked Turns . | . . . . . . Heaviest Build 46 | 14 16 31 37 39 46 Greatest Support 42 | 32 32 32 32 20 42 Greatest Overweight (x) 11 | . . . 11 11 7 Average Overweight (x) 1 | . . . 5 1 1 Largest Inventory Capacity 15 | 8 8 15 15 15 15 Average Capacity 13 | 7 8 13 15 15 15 Most Carried 14 | 5 4 5 3 7 14 Average Carried 5 | 2 3 4 2 3 10 Final Capacity 15 | 8 8 15 15 15 15 Final Carried 8 | 2 4 4 3 7 8 Class Distribution -------------------- 30% | Gunner 29% | Mutant 19% | Scavenger-Tank 16% | Scavenger-Gunner 4% | Scavenger-Mutant Dominant Class ---------------- Mutant | -10/Materials Mutant | -10/Mines Mutant | -9/Materials Gunner | -9/Storage Scavenger-Tank | -8/Materials Resources | -11 -10 -10 -9 -9 -8 ----------- Run | Yrd Mat Min Mat Sto Mat Matter Collected 1064 | 183 46 85 41 443 266 Remotely . | . . . . . . Salvage Created 1858 | . 144 . 273 861 580 Parts 116 | . 5 . 17 52 42 Haulers Intercepted 1 | . . . . 1 . Recyclers Shooed 3 | . . . . 2 1 Parts Field Recycled . | . . . . . . Retrieved Matter . | . . . . . . Parts Self-Destructed . | . . . . . . Prevented . | . . . . . . Parts Restored . | . . . . . . Kills | -11 -10 -10 -9 -9 -8 ------- Run | Yrd Mat Min Mat Sto Mat Combat Hostiles Destroyed 41 | . 3 . 7 15 16 Guns 31 | . 3 . 7 12 9 Cannons 9 | . . . . 2 7 AOE 1 | . . . . 1 . Classes Destroyed 10 | . 1 . 3 4 2 Worker 5 | . . . . 4 1 Builder 3 | . . . . 3 . Hauler 1 | . . . . 1 . Recycler 1 | . . . . 1 . Operator 1 | . . . . . 1 Watcher 4 | . . . 1 1 2 Swarmer 15 | . . . 3 3 9 Grunt 14 | . 3 . 2 4 5 Sentry 11 | . . . 2 8 1 Hunter 1 | . . . . . 1 Best Kill Streak 13 | . 3 . 3 13 5 Combat Bots Only 5 | . 3 . 3 4 5 Max Kills in Single Turn 2 | . 1 . 1 2 1 Gunslinging . | . . . . . . Exploded 1 | . . . . 1 . Melee . | . . . . . . Uniques/NPCs Destroyed . | . . . . . . Combat | -11 -10 -10 -9 -9 -8 -------- Run | Yrd Mat Min Mat Sto Mat Hostile Shots Fired 285 | . 19 . 36 93 137 Missed 74 | . 7 . 4 28 35 Hits 211 | . 12 . 32 65 102 Projectile 211 | . 12 . 32 65 102 Critical Strikes 3 | . . . . 3 . Damage Taken 2925 | . 129 . 348 864 1584 Core 863 | . 10 . 99 193 561 Absorbed by Shields . | . . . . . . Core Remaining (%) 74 | 100 . 96 . 27 . Volleys Fired 136 | . 7 . 19 54 56 Largest 3 | . 2 . 3 3 3 Hottest 187 | . 60 . 83 131 187 Shots Fired 320 | . 14 . 44 132 130 Gun 276 | . 14 . 44 122 96 Cannon 40 | . . . . 7 33 Launcher 4 | . . . . 3 1 Special . | . . . . . . Kinetic 186 | . 7 . 40 93 46 Thermal 119 | . . . . 36 83 Explosive 4 | . . . . 3 1 Electromagnetic 11 | . 7 . 4 . . Robot Hit Streak 9 | . 5 . 9 8 6 Robot Miss Streak 5 | . 2 . 5 5 5 Penetration Max . | . . . . . . Secondary Targets 4 | . 1 . 1 . 2 Max Gunslinging Chain 1 | . 1 . 1 . 1 Shots Hit Robots 179 | . 9 . 28 78 64 Core Hits 92 | . 6 . 11 45 30 Critical Kills . | . . . . . . Critical Parts Destroyed . | . . . . . . Critical Strikes 2 | . . . . . 2 Burn 2 | . . . . . 2 Melee Attacks . | . . . . . . Impact . | . . . . . . Slashing . | . . . . . . Piercing . | . . . . . . Sneak Attacks . | . . . . . . Combat Hostiles . | . . . . . . Follow-up Attacks . | . . . . . . Damage Inflicted 2968 | . 160 . 403 1188 1217 Guns 2229 | . 160 . 402 865 802 Cannons 471 | . . . . 123 348 Explosions 262 | . . . . 200 62 Melee . | . . . . . . Ramming 6 | . . . 1 . 5 Kinetic 1520 | . 63 . 369 709 379 Thermal 1050 | . . . . 279 771 Explosive 262 | . . . . 200 62 Electromagnetic 130 | . 97 . 33 . . Impact . | . . . . . . Slashing . | . . . . . . Piercing . | . . . . . . Highest Corruption 4 | . . . . 4 . Average Corruption 3 | . . . . 3 . Corruption Purged . | . . . . . . Corruption Blocked . | . . . . . . Effects 3 | . . . . 3 . Matter Fused 2 | . . . . 2 . Alerts 1 | . . . . 1 . Overload Shots . | . . . . . . Overflow Damage 8 | . . . . . 8 Projectiles . | . . . . . . Explosions 8 | . . . . . 8 Melee . | . . . . . . Knockbacks . | . . . . . . Impact . | . . . . . . Kinetic . | . . . . . . Secondary . | . . . . . . Self-Inflicted Damage 29 | . . . . 27 2 Shots 1 | . . . . 1 . Rammed 2 | . . . 1 . 1 Targets Rammed 2 | . . . 1 . 1 Kicked . | . . . . . . Crushed . | . . . . . . Highest Temperature 360 | . . . . 105 360 Average Temperature 121 | . . . . 58 131 Received Heat Transfer 666 | . 72 . 84 267 243 Effects 4 | . . . . . 4 Energy Bleed 1 | . . . . . 1 Interference 3 | . . . . . 3 Siege Activations . | . . . . . . Martial Activations . | . . . . . . Shielding Activations . | . . . . . . Robots Disrupted . | . . . . . . Combat Hostiles . | . . . . . . Robots Corrupted . | . . . . . . Combat Hostiles . | . . . . . . Parts Fried . | . . . . . . Impact Corruptions . | . . . . . . Robots Melted . | . . . . . . Combat Hostiles . | . . . . . . Parts Melted 3 | . . . . . 3 Heat Transferred 2311 | . . . . 572 1739 Parts Sabotaged . | . . . . . . Parts Stolen . | . . . . . . Parts Stripped . | . . . . . . Power Chain Reactions . | . . . . . . Alert | -11 -10 -10 -9 -9 -8 ------- Run | Yrd Mat Min Mat Sto Mat Maximum Alert Level 1 | . . . . 1 1 Low Security (%) 95 | 100 100 100 100 90 97 Level 1 4 | . . . . 9 2 Level 2 . | . . . . . . Level 3 . | . . . . . . Level 4 . | . . . . . . Level 5 . | . . . . . . High Security . | . . . . . . Max Security . | . . . . . . Peak Influence 244 | . 70 23 110 244 208 Initial 90 | . . 23 . 40 90 Average 70 | . 5 8 69 44 153 Influence Increases 1200 | . 70 . 177 513 440 Destroy 0b10 Robot/C 820 | . 60 . 140 300 320 Destroy 0b10 Robot/NC 75 | . . . 5 50 20 Destroy Leader 210 | . 10 . 32 104 64 Disable Machine 30 | . . . . 30 . Destroy Structure 35 | . . . . 29 6 Lose Combat Pursuer 30 | . . . . . 30 Influence Decreases 1074 | . 10 60 80 396 528 Entered New Map 218 | . . 37 . 57 124 Time Decay 616 | . 10 23 70 259 254 Lost Part 240 | . . . 10 80 150 Squads Dispatched 4 | . 2 . . . 2 Investigation 2 | . 1 . . . 1 Extermination . | . . . . . . Reinforcement 2 | . 1 . . . 1 Assault . | . . . . . . Garrison . | . . . . . . Intercept . | . . . . . . Searches Triggered . | . . . . . . Construction Impeded . | . . . . . . Haulers Reinforced . | . . . . . . Active Scanning Responses . | . . . . . . Cargo Convoy Interrupts . | . . . . . . Stealth | -11 -10 -10 -9 -9 -8 --------- Run | Yrd Mat Min Mat Sto Mat Distress Signals 6 | . 2 . . 2 2 Communications Jammed . | . . . . . . Distress Signals . | . . . . . . Times Spotted 58 | . 6 . 9 16 27 Peak Tracking Total 5 | . 4 . 3 5 5 Tactical Retreats 2 | . . . . . 2 Traps | -11 -10 -10 -9 -9 -8 ------- Run | Yrd Mat Min Mat Sto Mat Traps Triggered 4 | . . . . 3 1 Indirectly . | . . . . . . Trap Hack Attempts . | . . . . . . Triggered . | . . . . . . Disarmed 1 | . 1 . . . . Reprogrammed . | . . . . . . Reused . | . . . . . . Traps Extracted . | . . . . . . Installed . | . . . . . . Triggered . | . . . . . . Machines | -11 -10 -10 -9 -9 -8 ---------- Run | Yrd Mat Min Mat Sto Mat Machines Disabled 2 | . . . . 2 . Max in Single Turn 2 | . . . . 2 . Machines Repaired . | . . . . . . Machines Dismantled . | . . . . . . Machines Sabotaged . | . . . . . . Overloaded Fab Kills . | . . . . . . Hacking | -11 -10 -10 -9 -9 -8 --------- Run | Yrd Mat Min Mat Sto Mat Machines Accessed 3 | . 2 . . . 1 Terminals 3 | . 2 . . . 1 Fabricators . | . . . . . . Repair Stations . | . . . . . . Recycling Units . | . . . . . . Scanalyzers . | . . . . . . Garrison Access . | . . . . . . Total Hacks 4 | . 2 . . . 2 Successful 3 | . 2 . . . 1 Failed 1 | . . . . . 1 Catastrophic . | . . . . . . Database Lockouts . | . . . . . . Manual . | . . . . . . Terminals 4 | . 2 . . . 2 Fabricators . | . . . . . . Repair Stations . | . . . . . . Recycling Units . | . . . . . . Scanalyzers . | . . . . . . Garrison Access . | . . . . . . Terminal Hacks 3 | . 2 . . . 1 Alert Level 1 | . . . . . 1 Disarm Traps 1 | . 1 . . . . Zone Layout 1 | . 1 . . . . Fabricator Hacks . | . . . . . . Repair Station Hacks . | . . . . . . Recycling Unit Hacks . | . . . . . . Scanalyzer . | . . . . . . Garrison Access Hacks . | . . . . . . Unauthorized Hacks . | . . . . . . Terminals . | . . . . . . Fabricators . | . . . . . . Repair Stations . | . . . . . . Recycling Units . | . . . . . . Scanalyzers . | . . . . . . Garrison Access . | . . . . . . Data Cores Recovered . | . . . . . . Used . | . . . . . . Hacking Detections 1 | . 1 . . . . Full Trace Events . | . . . . . . Feedback Events . | . . . . . . Feedback Blocked . | . . . . . . Robot Schematics Acquired . | . . . . . . Robots Built . | . . . . . . Authchips . | . . . . . . Time . | . . . . . . Total Robot Build Rating . | . . . . . . Part Schematics Acquired . | . . . . . . Parts Built . | . . . . . . Authchips . | . . . . . . Time . | . . . . . . Total Part Build Rating . | . . . . . . Part Studies Acquired . | . . . . . . Parts Repaired . | . . . . . . Time . | . . . . . . Parts Recycled . | . . . . . . Recycled Matter . | . . . . . . Retrieved Matter . | . . . . . . Retrieved Components . | . . . . . . Parts Scanalyzed . | . . . . . . Part Schematics Acquired . | . . . . . . Parts Damaged . | . . . . . . Bothacking | -11 -10 -10 -9 -9 -8 ------------ Run | Yrd Mat Min Mat Sto Mat Used RIF Installer . | . . . . . . Robots Hacked . | . . . . . . Non-combat . | . . . . . . Combat . | . . . . . . Robot Hacks Applied . | . . . . . . Relay Couplers Released . | . . . . . . Fabnet Peak Effective % . | . . . . . . Robots Rewired . | . . . . . . Allies Hacked . | . . . . . . Hacks Repelled . | . . . . . . Allies | -11 -10 -10 -9 -9 -8 -------- Run | Yrd Mat Min Mat Sto Mat Total Allies 2 | . . 2 . . . Largest Group 2 | . . 2 . . . Highest-Rated Group 45 | . . 45 . . . Highest-Rated Ally 31 | . . 31 . . . Total Orders . | . . . . . . Ally Attacks . | . . . . . . Total Damage . | . . . . . . Kills . | . . . . . . Allies Corrupted . | . . . . . . Allies Melted . | . . . . . . Intel | -11 -10 -10 -9 -9 -8 ------- Run | Yrd Mat Min Mat Sto Mat Active Infowar (turns) . | . . . . . . Robot Analysis Total . | . . . . . . Derelict Logs Recovered . | . . . . . . Drone Launches . | . . . . . . Drone Recoveries . | . . . . . . Exploration | -11 -10 -10 -9 -9 -8 ------------- Run | Yrd Mat Min Mat Sto Mat Turns Passed 1916 | 46 252 87 177 806 548 Spaces Moved 982 | 36 163 84 30 340 329 Core 22 | 8 . . 10 1 3 Treads . | . . . . . . Legs 129 | . . . 12 117 . Wheels 831 | 28 163 84 8 222 326 Hover . | . . . . . . Flight . | . . . . . . Fastest Speed 50 | 50 100 100 115 95 93 Average Speed 135 | 88 100 100 363 178 100 Slowest Speed 600 | 100 100 100 600 600 400 Overloaded Moves . | . . . . . . Propulsion Burnouts . | . . . . . . Robots Hopped . | . . . . . . Potential Cave-ins . | . . . . . . Cave-ins Triggered . | . . . . . . Exploration Rate (%) 27 | 4 37 22 4 68 30 Regions Visited 5 Branch Regions 2 Pre-discovered Areas . | . . . . . . Known Exits Taken . | . . . . . . Unknown Exits Taken 5 | 1 1 1 1 1 . Scrap Searched 2 | . . 2 . . . Spaces Dug . | . . . . . . Terrain Destroyed 36 | . . . . 31 5 Melee . | . . . . . . Projectile . | . . . . . . AOE 36 | . . . . 31 5 Terrain Rammed . | . . . . . . Walls Destroyed . | . . . . . . Machines Disabled . | . . . . . . Actions | -11 -10 -10 -9 -9 -8 --------- Run | Yrd Mat Min Mat Sto Mat Total 1306 | 49 238 86 56 438 439 Wait 101 | . 65 . . 15 21 Move 977 | 35 162 83 29 339 329 Hop . | . . . . . . Pick Up 45 | 8 3 1 3 15 15 Fast Attach . | . . . . . . Attach 33 | 6 1 . 4 11 11 Detach 1 | . . . . 1 . Swap 6 | . . 1 . 2 3 Drop 5 | . . 1 . 1 3 Fire 136 | . 7 . 19 54 56 Melee . | . . . . . . Ram 2 | . . . 1 . 1 Kick . | . . . . . . Crush . | . . . . . . Escape Stasis . | . . . . . . Rewire . | . . . . . . Trap . | . . . . . . Miscellaneous . | . . . . . . Route ------- -11/Scrapyard -10/Materials -10/Mines -9/Materials (discovered 2 exits: [*Sto x2]) -9/Storage -8/Materials History --------- Turn | Location | Event 2 | -11/Scrapyard | Met Revision 17 15 | -11/Scrapyard | Discovered new exit (range 16) 47 | -11/Scrapyard | Entered Materials 255 | -10/Materials | Discovered new exit (range 15) 299 | -10/Materials | Entered Mines 315 | -10/Mines | Build established: Mutant 380 | -10/Mines | Discovered new exit (range 7) 386 | -10/Mines | Entered Materials 386 | -9/Materials | Evolved 2 slots: Utility x1, Weapon x1 388 | -9/Materials | Discovered new exit (range 9) 394 | -9/Materials | Discovered new exit (range 16) 439 | -9/Materials | Lost 3 parts (2n1w) 563 | -9/Materials | Entered Storage 1252 | -9/Storage | Core integrity fell below 50% 1316 | -9/Storage | Lost 5 parts (2n3w) 1353 | -9/Storage | Discovered new exit (range 12) 1369 | -9/Storage | Entered Materials 1369 | -8/Materials | Evolved 2 slots: Power x1, Propulsion x1 1762 | -8/Materials | Build established: Scavenger-Tank 1905 | -8/Materials | Core integrity fell below 50% 1912 | -8/Materials | Core integrity fell below 20% 1917 | -8/Materials | Destroyed by Y-45 Defender with Heavy Assault Rifle Last Messages --------------- K-01 Serf collects debris. Wheel destroyed. Beam Rifle destroyed. K-01 Serf collects debris. Com. Wheel destroyed. Acquired 5 matter. K-01 Serf collects debris. Penetrated by Slug. Knocked back. Com. Wheel destroyed. G-47 Trooper destroyed. Destroyed Welding Torch. Knocked back. Hvy. Assault Rifle destroyed. Penetrated by Slug. Grenade Launcher destroyed. R-06 Scavenger collects Flight Unit. Penetrated by Slug. Knocked back. R-06 Scavenger collects Lgt. Ion Engine. Map ----- +----------------------------------------------------+ | ?# ######"#####/#####?????# #?????????????? | | ?########??? # #?????# #?????????????? | | ?????????? """ # """ [ ####### #?????????????? | | ?????????# """ # """ # ! # #?????????????? | | ?????????# R" # """ # / # #?????????????? | | ?????????#= """ # """ ! # # #?????????????? | | ?????????# # """ # # #?????????????? | | ?????????###?#### # ] # #?????????????? | | ????????????????# ! = # ]/ + #?????????????? | | ????????????????# !] # # #?????????????? | | ????????????????################ #?????????????? | | ?????????????????????# ==] # ########### ??? | | ?????????????????????# % # ?? | | ?????????????????????# """ "% ?? | | ?????????????????????# """ """%# ^ ?? | | ?????????????????????# """ """ # #############?? | | ?????????????????????# # ####??????????? | | ?????????????????????# [ # !##?????????? | | ?????????????????????# ! # !#?????????? | | ?????????????????????########### !#?????????? | | ???????????????????????????????# !#?????????? | | ???????????????????????????????# !#?????????? | | ???????????????????????????????# !##?????????? | | ???????????????????#######?????# ####??????????? | | ?????????????????###;;;; ####### #?????????????? | | ?????????????????# % @ #?????????????? | | ?????????????????# %* = #?????????????? | | ?????????????????# !% =% #?????????????? | | ??????????????""kY ;### ### #?????????????? | | ????????????? # #??######?# #?????????????? | | ????????????###### #?????????# #?????????????? | | ????????# ###;H #?????????# #?????????????? | | ????? m=%[[ #?????????# #?????????????? | | ????? % % #?????????# #?????????????? | | ????? *[ #?????????# ?????????????? | | ??????### ########?????????# ?????????????? | | ????????###+##?????????????????# ????????????? | | ???????????????????????????????? ##????????????? | | ???????????????????????????????? #?????????????? | | ???????????????????????????????? #?????????????? | | ???????????????????????????????? #?????????????? | | ?????????????????????????????????????????????????? | | ?????????????????????????????????????????????????? | | ?????????????????????????????????????????????????? | | ?????????????????????????????????????????????????? | | ?????????????????????????????????????????????????? | | ?????????????????????????????????????????????????? | | ?????????????????????????????????????????????????? | | ?????????????????????????????????????????????????? | | ?????????????????????????????????????????????????? | +----------------------------------------------------+ Best States ------------- Heat Dissipation 50 Energy Generation 15 Energy Capacity 250 Matter Stores 375 Matter Capacity 450 Sight Range 16 Terrain Scan Density 10 Armor Coverage 225 Evasion (%) 41 Item Schematics ----------------- None Robot Schematics ------------------ None Fabricated ------------ Nothing Repaired ---------- Nothing Studied --------- None Alien Tech Used ----------------- None Achievements -------------- You Again Challenges ------------ None Game ------ Seed MachineBlanketGriptreads Manual? 0 Play Time 00:23:11 Cumulative 3.3 hours Start 2026.06.27 @ 12:25:10 End 2026.06.27 @ 12:49:05 Sessions 1 Manual Loads 0 Difficulty Rogue Special Mode None Game No. 10 Rogue 10 Adventurer 0 Explorer 0 Win Type - Total 0 Types 0/0/0/0/0/0/0/0/0/0 Lore% 2 Gallery% 6 Achievement% 8 Wizard Run 0 Options --------- Layout 1 ASCII 0 Keyboard 0 Movement Mouse Keybinds 0 Fullscreen 1 Font 24/Smallcaps Map View 50x40 Zoom Use 0% Tactical HUD 0 Map Filters NONE Filters NONE Steam 1 RUN: 265271b6-cde6-425b-8cfc-2cd43925df8f